 Dungeon Crawl Stone Soup version 0.30-a0-728-gc68057be0a (webtiles) character file.

Game seed: 1872213109029153942

8540 scionoferis the Nimble (level 10, -11/83 HPs)
             Began as a Demigod Hexslinger on Jan 30, 2023.
             Mangled by a wyvern (15 damage)
             ... on level 10 of the Dungeon.
             The game lasted 00:31:23 (9609 turns).

scionoferis the Nimble (Demigod Hexslinger)         Turns: 9609, Time: 00:31:24

Health: -11/83     AC:  6    Str: 11    XL:     10   Next: 86%
Magic:  14/14      EV: 19    Int: 15    God:
Gold:   459        SH:  0    Dex: 26    Spells: 10/11 levels left

rFire   . . .      SeeInvis .    a - +0 scimitar
rCold   . . .      Faith    .    (no shield)
rNeg    . . .      Spirit   .    A - +2 leather armour {Will+}
rPois   .          Reflect  .    (no helmet)
rElec   .          Harm     .    (no cloak)
rCorr   .          Rampage  .    (no gloves)
Will    ++...                    L - +0 pair of boots
Stlth   ++++                     (no amulet)
HPRegen 0.33/turn                u - +4 ring of protection
MPRegen 0.14/turn                c - +4 ring of protection

@: corroded
A: high MP 1, forlorn, divine attributes
a: no special abilities


You were on level 10 of the Dungeon.
You visited 1 branch of the dungeon, and saw 10 of its levels.
You also visited: Bailey.

You collected 503 gold pieces.
You spent 44 gold pieces at shops.


Innate Abilities, Weirdness & Mutations

You have an increased reservoir of magic. (+10% MP)
You shall have no god before yourself.
Your divine heritage dramatically boosts your attributes as you level up.


   Skills:
 + Level 5.9 Fighting
 * Level 7.5 Long Blades
 - Level 1.7 Ranged Weapons
 - Level 4.0 Armour
 * Level 8.9 Dodging
 + Level 6.4 Stealth
 - Level 1.0 Spellcasting
 - Level 2.6 Hexes
 + Level 5.2 Evocations


You had 10 spell levels left.
You knew the following spells:

 Your Spells              Type           Power      Damage    Failure   Level
a - Slow                  Hex            32%        N/A       11%         1

Your spell library contained the following spells:

 Spells                   Type           Power      Damage    Failure   Level
 Apportation              Tloc           0%         N/A       30%         1
 Kiss of Death            Conj/Necr      0%         2d5       30%         1
 Necrotise                Necr           0%         1d4       30%         1
 Sandblast                Erth           0%         2d4       30%         1
 Summon Small Mammal      Summ           0%         N/A       30%         1
 Confusing Touch          Hex            8%         N/A       30%         3
 Cigotuvi's Dreadful Rot  Necr/Pois/Air  0%         N/A       43%         2
 Passwall                 Tmut/Erth      0%         N/A       43%         2
 Inner Flame              Hex/Fire       4%         N/A       47%         3
 Portal Projectile        Hex/Tloc       8%         N/A       47%         3
 Summon Guardian Golem    Hex/Summ       4%         N/A       47%         3
 Call Canine Familiar     Summ           0%         N/A       67%         3
 Stone Arrow              Conj/Erth      0%         3d7       67%         3
 Vampiric Draining        Necr           0%         2d6       67%         3
 Cause Fear               Hex            4%         N/A       71%         4
 Dispel Undead            Necr           0%         3d6       97%         4
 Agony                    Necr           0%         N/A       100%        5
 Death Channel            Necr           0%         N/A       100%        6

Inventory:

Hand Weapons
 a - a +0 scimitar (weapon)
   (You bought it in a shop on level 7 of the Dungeon)
 b - a +0 shortbow
   (You took it off a centaur on level 5 of the Dungeon)
 d - a +4 dagger of electrocution
   (You found it in a bailey)
 H - a +1 falchion of holy wrath
   (You found it on level 4 of the Dungeon)
 O - a +4 dagger
   (You took it off a wight on level 7 of the Dungeon)
 P - a +1 short sword of venom
   (You found it in a bailey)
Missiles
 k - 19 poisoned darts (quivered)
 p - 3 curare-tipped darts
 B - 6 javelins
 E - a throwing net
Armour
 q - the +5 robe of Crawling {rC++}
   (You found it in a bailey)

   rC:        It greatly protects you from cold.
 A - a +2 leather armour of willpower (worn)
   (You found it on level 4 of the Dungeon)
 L - a +0 pair of boots (worn)
   (You found it on level 7 of the Dungeon)
 Q - +0 steam dragon scales
   (You found it on level 9 of the Dungeon)
Jewellery
 c - a +4 ring of protection (right hand)
   (You found it on level 6 of the Dungeon)
 u - a +4 ring of protection (left hand)
   (You found it on level 3 of the Dungeon)
Wands
 s - a wand of roots (16)
   (You found it on level 3 of the Dungeon)
 w - a wand of paralysis (1)
   (You found it on level 4 of the Dungeon)
 y - a wand of quicksilver (10)
   (You found it on level 8 of the Dungeon)
 N - a wand of flame (13)
   (You found it on level 8 of the Dungeon)
Scrolls
 g - a scroll of poison
 h - 2 scrolls of fear
 o - 2 scrolls of fog
 r - 2 scrolls of vulnerability
 z - 5 scrolls of teleportation {unknown}
 C - 2 scrolls of amnesia
 D - 3 scrolls of enchant weapon {unknown}
 J - 3 scrolls of enchant armour {unknown}
 K - a scroll of immolation
 R - 2 scrolls of magic mapping
 S - a scroll of torment {unknown}
 T - a scroll of identify
Potions
 e - 5 potions of curing
 f - a potion of haste {unknown}
 i - 4 potions of flight {unknown}
 j - 2 potions of experience {unknown}
 l - 3 potions of brilliance {unknown}
 m - 3 potions of mutation {unknown}
 n - 3 potions of magic {unknown}
 t - a potion of invisibility {unknown}
 v - 4 potions of lignification
 x - a potion of ambrosia {unknown}
 F - 2 potions of might {unknown}
 G - a potion of heal wounds {unknown}
 I - a potion of resistance {unknown}
Miscellaneous
 M - a phantom mirror
   (You found it on level 9 of the Dungeon)

Dungeon Overview and Level Annotations

Branches:
Dungeon (10/15)            Temple (0/1) D:6          Bailey (visited)
   Lair: D:8-11         Orc: D:9-12

Shops:
D:7 (

Annotations:
D:10 4 runed translucent doors

#..... #....#####.# #....#...#.#
#....#...#.# .#######....#...#.#
............#...#.#
......l.....#...#.#
......[@....###'#.#
?.................######
........................
...........#####'####...
.?.........#........#...
##########....#........##..
#........#....#.........#..
#.#..H.....#....#.........#..
#####.#..h.YHh.#....#........##..


You could see a wyvern.


Message History

Things that are here:
a +0 halberd; a +0 scale mail; an orc corpse
d - a +4 dagger (weapon)
There is a large open door here.
Found 9 gold pieces.
You now have 326 gold pieces (gained 9).
An orc warrior and an orc knight come into view.
Things that are here:
a +0 spear; a +0 ring mail The orc shouts!
The orc warrior shouts! x2; You hear a shout! x2
There is a large open door here.
Things that are here:
a +0 halberd; a +3 chain mail
Things that are here:
a +0 spear; a +0 plate armour; an orc corpse
a - a +0 scimitar (weapon)
You slash the orc warrior!
The orc warrior is moderately wounded.
The orc warrior hits you with a +0 spear.
You hit the orc warrior.
The orc warrior is moderately wounded.
The orc warrior closely misses you.
You slash the orc warrior!
The orc warrior is almost dead.
The orc warrior hits you but does no damage.
You miss the orc warrior.
The orc warrior is almost dead.
The orc warrior barely misses you. The orc misses you.
You miss the orc warrior.
The orc warrior is almost dead.
The orc hits you but does no damage. The orc warrior barely misses you.
You completely miss the orc warrior.
The orc warrior is almost dead.
The orc closely misses you.
The orc warrior hits you but does no damage.
You closely miss the orc warrior.
The orc warrior is almost dead.
The orc warrior completely misses you. The orc barely misses you.
You hit the orc warrior.
You kill the orc warrior!
The orc completely misses you. x2; The orc warrior misses you.
You slash the orc warrior!
The orc warrior is moderately wounded.
The orc closely misses you.
The orc warrior hits you but does no damage.
You closely miss the orc warrior.
The orc warrior is moderately wounded.
The orc hits you but does no damage.
The orc warrior hits you with a +0 glaive.
You barely miss the orc warrior.
The orc warrior is moderately wounded.
The orc closely misses you.
The orc warrior hits you with a +0 glaive!
You barely miss the orc warrior.
The orc warrior is moderately wounded.
The orc hits you from afar with a +0 halberd.
The orc warrior barely misses you.
You slash the orc warrior!
The orc warrior is severely wounded.
The orc misses you. The orc warrior barely misses you.
You hit the orc warrior.
The orc warrior is almost dead.
The orc hits you but does no damage. The orc warrior barely misses you.
You slash the orc warrior!
You kill the orc warrior!
The orc barely misses you. The orc misses you.
Items here: ))) [[[ †††.
You closely miss the orc. The orc barely misses you.
You hit the orc but do no damage. The orc closely misses you.
You barely miss the orc. The orc hits you with a +0 halberd. x2
You closely miss the orc. The orc hits you with a +0 halberd.
You hit the orc.
The orc is severely wounded.
The orc misses you.
You slash the orc!
You kill the orc!
Items here: )) [[ †.
An orc warrior comes into view. It is wielding a +0 halberd.
Items here: ))) [[[ †††.
Things that are here:
a +0 halberd; a +3 chain mail
Items here: ))) [[[ †††.
You barely miss the orc warrior. The orc warrior barely misses you.
You miss the orc warrior.
The orc warrior hits you with a +0 halberd.
You hit the orc warrior.
The orc warrior is lightly wounded.
The orc warrior misses you.
You slash the orc warrior!
The orc warrior is heavily wounded.
The orc warrior completely misses you.
You hit the orc warrior.
The orc warrior is severely wounded.
The orc warrior barely misses you.
You hit the orc warrior but do no damage.
The orc warrior is severely wounded.
The orc warrior misses you.
You slash the orc warrior!
The orc warrior is almost dead.
The orc warrior completely misses you.
The orc warrior hits you with a +0 halberd.
You slash the orc warrior!
You kill the orc warrior!
Training target 4.0 for Armour reached!
Your Armour skill increases to level 4!
You have reached level 10!
Items here: )))) [[[[ †††.
Items here: )) [[ †.
You start resting.
An orc warrior is nearby!
The orc warrior shouts!
You hear a shout!
b - a +0 shortbow (weapon)
You shoot an arrow. The arrow hits the orc warrior!
The orc warrior is moderately wounded.
You shoot an arrow. The arrow hits the orc warrior.
The orc warrior is heavily wounded.
You shoot an arrow.
The arrow barely misses the orc warrior.
a - a +0 scimitar (weapon)
The orc warrior hits you from afar with a +0 halberd.
The orc warrior closely misses you.
You slash the orc warrior!
The orc warrior is almost dead.
The orc warrior completely misses you.
You completely miss the orc warrior.
The orc warrior is almost dead.
The orc warrior closely misses you.
You barely miss the orc warrior.
The orc warrior is almost dead.
The orc warrior closely misses you.
You slash the orc warrior!
You kill the orc warrior!
You start resting.
HP restored.
b - a +0 shortbow (weapon)
Things that are here:
a +0 halberd; a +0 scale mail; an orc corpse An orc warrior comes into view.
It is wielding a +0 glaive.
Things that are here:
a +0 halberd; a +0 scale mail; an orc corpse
a - a +0 scimitar (weapon)
The orc warrior misses you.
You hit the orc warrior.
The orc warrior is lightly wounded.
The orc warrior hits you with a +0 glaive.
You hit the orc warrior but do no damage.
The orc warrior is lightly wounded.
The orc warrior hits you with a +0 glaive! x2
You hit the orc warrior.
The orc warrior is moderately wounded.
The orc warrior misses you.
You slash the orc warrior!
The orc warrior is heavily wounded.
The orc warrior hits you with a +0 glaive!
You hit the orc warrior but do no damage.
The orc warrior is heavily wounded.
The orc warrior hits you with a +0 glaive!
You hit the orc warrior.
The orc warrior is severely wounded.
The orc warrior closely misses you.
You hit the orc warrior but do no damage.
The orc warrior is severely wounded.
The orc warrior barely misses you.
You slash the orc warrior!
You kill the orc warrior!
Things that are here:
a +0 glaive; a +0 scale mail; an orc corpse You start resting.
An orc comes into view. It is wielding a +0 trident.
An orc warrior comes into view. It is wielding a +0 glaive.
You start resting.
An orc warrior is nearby!
An orc warrior is nearby!
b - a +0 shortbow (weapon)
You shoot an arrow. The orc warrior shouts!
The arrow hits the orc warrior.
The orc warrior is lightly wounded.
You hear a shout!
You shoot an arrow.
The arrow barely misses the orc warrior.
a - a +0 scimitar (weapon)
The orc warrior barely misses you.
You barely miss the orc warrior.
The orc warrior is lightly wounded.
The orc warrior barely misses you.
The orc shouts!
You slash the orc warrior!
The orc warrior is heavily wounded.
You hear a shout!
The orc warrior hits you with a +0 glaive!
You hit the orc warrior.
The orc warrior is heavily wounded.
The orc warrior closely misses you.
You completely miss the orc warrior.
The orc warrior is heavily wounded.
The orc warrior misses you.
You slash the orc warrior!
You kill the orc warrior!
The orc hits you but does no damage.
Things that are here:
a +0 glaive; a +0 plate armour; an orc corpse You slash the orc!
You kill the orc!
An orc comes into view. It is wielding a +0 spear.
Press: ? - help, v - describe, . - travel
Here: an orc knight, wielding a +0 halberd and wearing a +0 ring mail The floor.
Unknown command.
Throw: 5 darts (curare)
Press: ? - help, Q - select action, (/) - cycle Shift-Dir - straight line, f - orc knight
Aim: an orc knight, wielding a +0 halberd and wearing a +0 ring mail (61% to hit)
You throw a curare-tipped dart.
The curare-tipped dart misses the orc knight.
The orc shouts!
Throw: 4 darts (curare)
Press: ? - help, Q - select action, (/) - cycle Shift-Dir - straight line, f/p - orc knight
Aim: an orc knight, wielding a +0 halberd and wearing a +0 ring mail (61% to hit)
You throw a curare-tipped dart.
The curare-tipped dart barely misses the orc knight.
Throw: 3 darts (curare)
Press: ? - help, Q - select action, (/) - cycle Shift-Dir - straight line, f/p - orc knight
Aim: an orc knight, wielding a +0 halberd and wearing a +0 ring mail (61% to hit)
You throw a curare-tipped dart.
The curare-tipped dart hits the orc knight.
The orc knight is poisoned.
The orc knight convulses.
The orc knight seems to slow down.
The orc knight is lightly wounded.
There is a gate leading back out of this place here.
The orc knight roars a battlecry!
The orc goes into a battle-frenzy!
The orc hits you with a +0 spear.
You completely miss the orc. The orc hits you but does no damage.
You closely miss the orc. You barely miss the orc. The orc misses you.
You barely miss the orc. The orc completely misses you.
You slash the orc!
You kill the orc!
The orc knight misses you.
Aiming: Paralyse
Press: ? - help, Shift-Dir - straight line, f/p - orc knight
Aim: an orc knight, wielding a +0 halberd and wearing a +0 ring mail (lightly wounded, poisoned, slow, chance to affect: 42%)
Okay, then.
Unknown command.
Press: ? - help, v - describe, . - travel
Here: an orc knight, wielding a +0 halberd and wearing a +0 ring mail (lightly wounded, poisoned, slow)
The floor.
Unknown command.
Aiming: Paralyse
Press: ? - help, Shift-Dir - straight line, f/p - orc knight
Aim: an orc knight, wielding a +0 halberd and wearing a +0 ring mail (lightly wounded, poisoned, slow, chance to affect: 42%)
The orc knight resists with some effort.
The orc knight is no longer moving slowly.
The orc knight barely misses you.
Aiming: Paralyse
Press: ? - help, Shift-Dir - straight line, f/p - orc knight
Aim: an orc knight, wielding a +0 halberd and wearing a +0 ring mail (lightly wounded, poisoned, chance to affect: 42%)
The orc knight resists with some effort.
The orc knight hits you but does no damage.
Aiming: Paralyse
Press: ? - help, Shift-Dir - straight line, f/p - orc knight
Aim: an orc knight, wielding a +0 halberd and wearing a +0 ring mail (lightly wounded, poisoned, chance to affect: 42%)
The orc knight resists with some effort.
The orc knight hits you from afar with a +0 halberd!
Aiming: Paralyse
Press: ? - help, Shift-Dir - straight line, f/p - orc knight
Aim: an orc knight, wielding a +0 halberd and wearing a +0 ring mail (lightly wounded, poisoned, chance to affect: 42%)
The orc knight suddenly stops moving!
The orc knight looks more healthy.
d - a +4 dagger (weapon)
The helpless orc knight fails to defend itself.
You skewer the orc knight like a kebab!!!
The orc knight is severely wounded.
The helpless orc knight fails to defend itself.
You skewer the orc knight like a kebab!!!
You kill the orc knight!
Your Dodging skill increases to level 8!
You now have 339 gold pieces (gained 13).
Things that are here:
a +0 halberd; a +0 ring mail
a - a +0 scimitar (weapon)
You start resting.
An orc comes into view. It is wielding a +0 halberd.
b - a +0 shortbow (weapon)
The orc shouts!
You hear a shout!
You shoot an arrow.
The arrow hits the orc but does no damage.
You shoot an arrow. The arrow closely misses the orc.
The orc shouts!
You shoot an arrow. The arrow hits the orc!
You kill the orc!
You shoot an arrow. The arrow hits the orc!
You kill the orc!
You start resting.
HP restored.
p - 3 curare-tipped darts (gained 1)
Items here: )) [[ ÷.
Things that are here:
a +0 halberd; a +3 chain mail
p - 4 curare-tipped darts (gained 1)
An orc comes into view. It is wielding a +0 spear.
You shoot an arrow. The orc shouts!
The arrow hits the orc but does no damage.
You hear a shout!
a - a +0 scimitar (weapon)
The orc hits you but does no damage.
An orc warrior comes into view. It is wielding a +0 halberd.
The orc warrior shouts!
The orc misses you.
There is a large open door here.
You hit the orc but do no damage. The orc misses you.
You completely miss the orc. The orc hits you with a +0 spear.
You hit the orc.
The orc is lightly wounded.
The orc warrior hits you from afar with a +0 halberd!
The orc completely misses you.
You slash the orc!
You kill the orc!
The orc warrior closely misses you. The orc warrior barely misses you.
You closely miss the orc warrior. The orc warrior barely misses you.
You closely miss the orc warrior.
The orc warrior hits you with a +0 halberd.
You slash the orc warrior!
The orc warrior is moderately wounded.
The orc warrior closely misses you.
You hit the orc warrior but do no damage.
The orc warrior is moderately wounded.
The orc warrior closely misses you.
You hit the orc warrior.
The orc warrior is moderately wounded.
The orc warrior hits you with a +0 halberd!
You slash the orc warrior!
You kill the orc warrior!
You now have 359 gold pieces (gained 20).
Things that are here:
a +0 halberd; a +0 scale mail; an orc corpse You start resting.
HP restored.
Things that are here:
a +0 spear; a +0 ring mail You now have 373 gold pieces (gained 14).
Found nine items.
Press: ? - help, v - describe, . - travel
Here: a deep elf pyromancer, wielding a +0 long sword (fire blocked by a translucent stone wall)
The floor.
Unknown command.
d - a +4 dagger (weapon)
You open the large door.
Throw: throwing net
Press: ? - help, Q - select action, (/) - cycle Shift-Dir - straight line, f - deep elf pyromancer
Aim: a deep elf pyromancer, wielding a +0 long sword (58% to hit)
You throw a throwing net.
The throwing net misses the deep elf pyromancer.
The deep elf pyromancer barely misses you.
Aiming: Paralyse
Press: ? - help, Shift-Dir - straight line, f/p - deep elf pyromancer
Aim: a deep elf pyromancer, wielding a +0 long sword (chance to affect: 43%)
The deep elf pyromancer resists with some effort.
The deep elf pyromancer mumbles some strange words.
Aiming: Paralyse
Press: ? - help, Shift-Dir - straight line, f/p - deep elf pyromancer
Aim: a deep elf pyromancer, wielding a +0 long sword (chance to affect: 43%)
The deep elf pyromancer suddenly stops moving!
The helpless deep elf pyromancer fails to defend itself.
You spit the deep elf pyromancer like a pig!!!
You kill the deep elf pyromancer!
The fire elemental disappears in a puff of smoke!
There is a large open translucent door, spattered with blood here.
You see here a +0 long sword.
E - a throwing net
a - a +0 scimitar (weapon)
You pick up a book of Callings and begin reading...
You add the spells Call Canine Familiar and Summon Guardian Golem to your library.
z - 4 scrolls labelled DUMANA ISSO (gained 1)
You now have 392 gold pieces (gained 19).
h - 2 scrolls of fear (gained 1)
j - 2 black potions You now have 398 gold pieces (gained 6).
You see here the +5 robe of Crawling {rC++}.
q - the +5 robe of Crawling {rC++}
l - 3 sedimented purple potions (gained 1)
You see here a +4 dagger of electrocution.
O - a +4 dagger of electrocution You see here a +1 short sword of venom.
You see here a +1 short sword of venom.
P - a +1 short sword of venom Adjust to which letter? (? for menu, Esc to quit)
d - a +4 dagger of electrocution;
O - a +4 dagger
There is a large open translucent door here.
Things that are here:
a +0 halberd; a +0 scale mail; an orc corpse
There is a large open door here.
Done exploring.
Search for what [Enter for "shop", or ? for help]? bail Unknown command.
Things that are here:
a +0 halberd; a +0 scale mail
Things that are here:
a +0 halberd; a +3 chain mail
Items here: )) [[.
There is a gate leading back out of this place here.
Unknown command.
It was a potion of curing.
You feel better.
It was a potion of lignification.
You turn into a tree.
Your +0 pair of boots melds into your body.
Your +2 leather armour of willpower melds into your body.
You feel less strong-willed.
Your roots penetrate the ground.
You start resting.
Your transformation is almost over.
You start resting.
HP restored.
You feel less wooden.
Your +0 pair of boots unmelds from your body.
Your +2 leather armour of willpower unmelds from your body.
You feel strong-willed.
Welcome back to the Dungeon!
There is an empty arch of ancient stone here.
b - a +0 shortbow (weapon)
Things that are here:
a +6 ring of intelligence; 2 scrolls of noise
There is an open door, spattered with blood here.
Things that are here:
a +0 spear; 2 potions of degeneration
Things that are here:
a +0 spear; a gnoll skeleton You see here 2 potions of degeneration.
s - a wand of roots (16) (gained 3 charges)
You now have 409 gold pieces (gained 11).
You now have 423 gold pieces (gained 14).
Found a stone staircase leading down.
Found 2 scrolls of magic mapping.
Found a scroll labelled DUMANA ISSO.
You hear the crackle of electricity.
d - a +4 dagger of electrocution (weapon)
The helpless steam dragon fails to defend itself.
You perforate the steam dragon like a sieve!!!
You kill the steam dragon!
The steam dragon scales are intact enough to wear.
Things that are here:
+0 steam dragon scales; a steam dragon corpse Q - +0 steam dragon scales Unknown command.
Your +4 dagger of electrocution stops crackling.
a - a +0 scimitar (weapon)
b - a +0 shortbow (weapon)
e - 5 potions of curing (gained 1)
You pick up a book of Geomancy and begin reading...
You add the spells Sandblast, Passwall and Stone Arrow to your library.
You pick up a book of Decay and begin reading...
You add the spells Cigotuvi's Dreadful Rot and Death Channel to your library.
Found an iron altar of Okawaru.
A hornet comes into view.
You see here a wand of flame (4).
You hear the crackle of electricity.
d - a +4 dagger of electrocution (weapon)
The hornet barely misses you.
Throw: throwing net
Press: ? - help, Q - select action, (/) - cycle Shift-Dir - straight line, f - hornet
Aim: a hornet (55% to hit)
You throw a throwing net.
The throwing net barely misses the hornet.
The hornet barely misses you. The hornet stings you.
You feel yourself slow down.
Throw: 4 darts (curare)
Press: ? - help, Q - select action, (/) - cycle Shift-Dir - straight line, f/p - hornet
Aim: a hornet (55% to hit)
You throw a curare-tipped dart. The curare-tipped dart hits the hornet.
The hornet is poisoned.
The hornet convulses.
The hornet seems to slow down.
The hornet is lightly wounded.
The hornet misses you.
You closely miss the hornet.
The hornet is lightly wounded.
You feel yourself speed up.
The hornet stings you but does no damage.
The hornet misses you.
You barely miss the hornet.
The hornet is moderately wounded.
You closely miss the hornet.
The hornet is moderately wounded.
The hornet stings you!
You feel yourself slow down.
You hit the hornet but do no damage. Lightning courses through the hornet!
The hornet is severely wounded.
The hornet closely misses you.
You barely miss the hornet.
The hornet is almost dead.
You feel yourself speed up. The hornet misses you.
The hornet barely misses you.
You hit the hornet but do no damage.
The hornet is almost dead.
You kill the hornet!
Your Stealth skill increases to level 6!
E - a throwing net Your +4 dagger of electrocution stops crackling.
a - a +0 scimitar (weapon)
b - a +0 shortbow (weapon)
HP restored.
N - a wand of flame (13) (gained 4 charges)
You open the gate.
Found an ancient bone altar of Kikubaaqudgha.
There is an open gate here.
There is an open gate here.
A steam dragon comes into view.
You see here 2 scrolls of magic mapping.
Found a robe and 7 gold pieces.
You hear the crackle of electricity.
d - a +4 dagger of electrocution (weapon)
The helpless steam dragon fails to defend itself.
You skewer the steam dragon like a kebab!!!
You kill the steam dragon!
Your +4 dagger of electrocution stops crackling.
a - a +0 scimitar (weapon)
You see here a +0 robe.
You now have 430 gold pieces (gained 7).
You see here a +0 robe.
z - 5 scrolls labelled DUMANA ISSO (gained 1)
R - 2 scrolls of magic mapping
b - a +0 shortbow (weapon)
Found a stone staircase leading up.
You now have 442 gold pieces (gained 12).
A two-headed ogre comes into view. It is wielding two +0 giant clubs.
Found 11 gold pieces.
a - a +0 scimitar (weapon)
Throw: 3 darts (curare)
Press: ? - help, Q - select action, (/) - cycle Shift-Dir - straight line, f - two-headed ogre
Aim: a two-headed ogre, wielding two +0 giant clubs (asleep, 98% to hit)
You throw a curare-tipped dart.
The curare-tipped dart hits the two-headed ogre.
The two-headed ogre is poisoned.
The two-headed ogre convulses.
The two-headed ogre seems to slow down.
The two-headed ogre shouts in stereo!
The two-headed ogre is lightly wounded.
Throw: 19 darts (poison)
Press: ? - help, Q - select action, (/) - cycle Shift-Dir - straight line, f/p - two-headed ogre
Aim: a two-headed ogre, wielding two +0 giant clubs (lightly wounded, very poisoned, slow, 79% to hit)
You throw a poisoned dart.
The poisoned dart hits the two-headed ogre.
The two-headed ogre is lightly wounded.
Throw: 18 darts (poison)
Press: ? - help, Q - select action, (/) - cycle Shift-Dir - straight line, f/p - two-headed ogre
Aim: a two-headed ogre, wielding two +0 giant clubs (lightly wounded, very poisoned, slow, 79% to hit)
You throw a poisoned dart.
The poisoned dart hits the two-headed ogre.
The two-headed ogre is lightly wounded.
Throw: 17 darts (poison)
Press: ? - help, Q - select action, (/) - cycle Shift-Dir - straight line, f/p - two-headed ogre
Aim: a two-headed ogre, wielding two +0 giant clubs (lightly wounded, very poisoned, slow, 79% to hit)
You throw a poisoned dart.
The poisoned dart hits the two-headed ogre.
The two-headed ogre is lightly wounded.
Throw: 16 darts (poison)
Press: ? - help, Q - select action, (/) - cycle Shift-Dir - straight line, f/p - two-headed ogre
Aim: a two-headed ogre, wielding two +0 giant clubs (moderately wounded, poisoned, slow, 79% to hit)
You throw a poisoned dart.
The poisoned dart barely misses the two-headed ogre.
Throw: 15 darts (poison)
Press: ? - help, Q - select action, (/) - cycle Shift-Dir - straight line, f/p - two-headed ogre
Aim: a two-headed ogre, wielding two +0 giant clubs (moderately wounded, poisoned, slow, 79% to hit)
You throw a poisoned dart.
The poisoned dart hits the two-headed ogre.
The two-headed ogre looks even sicker.
The two-headed ogre is moderately wounded.
Throw: 14 darts (poison)
Press: ? - help, Q - select action, (/) - cycle Shift-Dir - straight line, f/p - two-headed ogre
Aim: a two-headed ogre, wielding two +0 giant clubs (moderately wounded, very poisoned, slow, 79% to hit)
You throw a poisoned dart.
The poisoned dart barely misses the two-headed ogre.
The two-headed ogre is no longer moving slowly.
Throw: 2 darts (curare)
Press: ? - help, Q - select action, (/) - cycle Shift-Dir - straight line, f/p - two-headed ogre
Aim: a two-headed ogre, wielding two +0 giant clubs (moderately wounded, very poisoned, 79% to hit)
You throw a curare-tipped dart.
The curare-tipped dart hits the two-headed ogre.
The two-headed ogre looks as sick as possible!
The two-headed ogre convulses.
The two-headed ogre seems to slow down.
The two-headed ogre is heavily wounded.
Throw: 13 darts (poison)
Press: ? - help, Q - select action, (/) - cycle Shift-Dir - straight line, f/p - two-headed ogre
Aim: a two-headed ogre, wielding two +0 giant clubs (heavily wounded, extremely poisoned, slow, 79% to hit)
You throw a poisoned dart.
The poisoned dart barely misses the two-headed ogre.
Throw: 12 darts (poison)
Press: ? - help, Q - select action, (/) - cycle Shift-Dir - straight line, f/p - two-headed ogre
Aim: a two-headed ogre, wielding two +0 giant clubs (heavily wounded, extremely poisoned, slow, 79% to hit)
You throw a poisoned dart.
The poisoned dart hits the two-headed ogre.
The two-headed ogre is heavily wounded.
Throw: 11 darts (poison)
Press: ? - help, Q - select action, (/) - cycle Shift-Dir - straight line, f/p - two-headed ogre
Aim: a two-headed ogre, wielding two +0 giant clubs (heavily wounded, very poisoned, slow, 79% to hit)
You throw a poisoned dart.
The poisoned dart hits the two-headed ogre.
The two-headed ogre looks as sick as possible!
The two-headed ogre is heavily wounded.
Throw: 10 darts (poison)
Press: ? - help, Q - select action, (/) - cycle Shift-Dir - straight line, f/p - two-headed ogre
Aim: a two-headed ogre, wielding two +0 giant clubs (severely wounded, extremely poisoned, slow, 79% to hit)
You throw a poisoned dart.
The poisoned dart hits the two-headed ogre.
The two-headed ogre looks as sick as possible!
The two-headed ogre is severely wounded.
Throw: 9 darts (poison)
Press: ? - help, Q - select action, (/) - cycle Shift-Dir - straight line, f/p - two-headed ogre
Aim: a two-headed ogre, wielding two +0 giant clubs (severely wounded, extremely poisoned, slow, 79% to hit)
You throw a poisoned dart.
The poisoned dart hits the two-headed ogre.
The two-headed ogre is severely wounded.
The two-headed ogre is no longer moving slowly.
Throw: 8 darts (poison)
Press: ? - help, Q - select action, (/) - cycle Shift-Dir - straight line, f/p - two-headed ogre
Aim: a two-headed ogre, wielding two +0 giant clubs (severely wounded, extremely poisoned, 79% to hit)
You throw a poisoned dart.
The poisoned dart hits the two-headed ogre.
The two-headed ogre is severely wounded.
You slash the two-headed ogre!
The two-headed ogre is almost dead.
You kill the two-headed ogre!
Your Long Blades skill increases to level 7!
Your Evocations skill increases to level 5!
Things that are here:
a +0 giant club; a +0 giant club
k - 9 poisoned darts (gained 2)
k - 10 poisoned darts (gained 1)
k - 11 poisoned darts (gained 1)
k - 12 poisoned darts (gained 1)
p - 2 curare-tipped darts (gained 1)
k - 13 poisoned darts (gained 1)
k - 14 poisoned darts (gained 1)
k - 15 poisoned darts (gained 1)
k - 16 poisoned darts (gained 1)
k - 17 poisoned darts (gained 1)
k - 18 poisoned darts (gained 1)
There is a stone staircase leading up here.
k - 19 poisoned darts (gained 1);
p - 3 curare-tipped darts (gained 1)
You now have 453 gold pieces (gained 11).
You see here a +0 whip.
Found a stone staircase leading up.
A killer bee comes into view.
b - a +0 shortbow (weapon)
The killer bee buzzes angrily.
You hear an angry buzzing noise.
You hear the crackle of electricity.
d - a +4 dagger of electrocution (weapon)
You barely miss the killer bee. The killer bee closely misses you. x2
You miss the killer bee. The killer bee stings you.
You are poisoned.
The killer bee poisons you! The killer bee misses you.
You closely miss the killer bee.
You feel sick. The killer bee misses you.
You miss the killer bee.
You feel sick. The killer bee barely misses you. The killer bee misses you.
You miss the killer bee.
You feel sick. The killer bee closely misses you.
You closely miss the killer bee.
You feel sick. The killer bee completely misses you. The killer bee misses you.
You barely miss the killer bee.
You feel sick. The killer bee barely misses you. x2
You hit the killer bee.
Lightning courses through the killer bee!!
You kill the killer bee!
You feel sick.
You are no longer poisoned.
A killer bee comes into view.
You see here a killer bee corpse.
You start resting.
HP restored.
You see here a killer bee corpse.
A hornet comes into view.
Throw: 19 darts (poison)
Press: ? - help, Q - select action, (/) - cycle Shift-Dir - straight line, f - hornet
Aim: a hornet (wandering, hasn't noticed you, 55% to hit)
You throw a poisoned dart. The poisoned dart hits the hornet.
The hornet is poisoned.
A killer bee comes into view.
Throw: 18 darts (poison)
Press: ? - help, Q - select action, (/) - cycle Shift-Dir - straight line, f/p - hornet
Aim: a hornet (lightly wounded, poisoned, 55% to hit)
You throw a poisoned dart. The poisoned dart hits the hornet.
The hornet looks even sicker.
The hornet is lightly wounded.
Throw: 17 darts (poison)
Press: ? - help, Q - select action, (/) - cycle Shift-Dir - straight line, f/p - hornet
Aim: a hornet (lightly wounded, very poisoned, 55% to hit)
You throw a poisoned dart.
The poisoned dart closely misses the hornet.
You see here a killer bee corpse.
The killer bee attacks as you move away!
The killer bee closely misses you. x2
You hit the killer bee.
The killer bee is moderately wounded.
The killer bee stings you but does no damage.
The killer bee misses you.
You hit the killer bee but do no damage.
The killer bee is moderately wounded.
The killer bee misses you.
You hit the killer bee.
Lightning courses through the killer bee!
You kill the killer bee!
You hit the hornet. Lightning courses through the hornet!
You kill the hornet!
Things that are here:
a hornet corpse; a killer bee corpse Throw: 16 darts (poison)
Press: ? - help, Q - select action, (/) - cycle Shift-Dir - straight line, f - killer bee
Aim: a killer bee (wandering, hasn't noticed you, 44% to hit)
You throw a poisoned dart. The poisoned dart hits the killer bee.
The killer bee buzzes angrily.
There is a stone staircase leading up here.
Throw: 15 darts (poison)
Press: ? - help, Q - select action, (/) - cycle Shift-Dir - straight line, f/p - killer bee
Aim: a killer bee (44% to hit)
You throw a poisoned dart.
The poisoned dart barely misses the killer bee.
You miss the killer bee. The killer bee completely misses you.
The killer bee closely misses you.
You completely miss the killer bee.
The killer bee completely misses you. x2
You miss the killer bee. You punch the killer bee.
The killer bee is lightly wounded.
The killer bee misses you.
You hit the killer bee.
Lightning courses through the killer bee!!
You kill the killer bee!
k - 15 poisoned darts (gained 1)
Found a stone staircase leading down.
k - 16 poisoned darts (gained 1)
Your +4 dagger of electrocution stops crackling.
a - a +0 scimitar (weapon)
b - a +0 shortbow (weapon)
k - 17 poisoned darts (gained 1)
k - 19 poisoned darts (gained 2)
You see here a +0 mace of holy wrath.
Things that are here:
a hornet corpse; a killer bee corpse Done exploring.
Done exploring.
Search for what [Enter for "bail", or ? for help]? d: Unknown command.
Search for what [Enter for "d:", or ? for help]? resist Unknown command.
Save game and exit?
Welcome back, scionoferis the Demigod Hexslinger.
Press ? for a list of commands and other information.
Okay, then.
Unknown command.
Done exploring.
There is a stone staircase leading down here.
You climb downwards.
There is a stone staircase leading up here.
A troll comes into view.
You shoot an arrow.
The arrow hits the troll but does no damage.
The troll shouts!
You shoot an arrow.
The arrow hits the troll but does no damage.
You shoot an arrow. The arrow barely misses the troll.
You shoot an arrow. The arrow barely misses the troll.
a - a +0 scimitar (weapon)
The troll bites you! The troll claws you but does no damage.
The troll misses you.
You hit the troll but do no damage. The troll completely misses you.
The troll claws you. The troll claws you but does no damage.
You barely miss the troll. The troll barely misses you. The troll misses you.
The troll closely misses you.
You hit the troll but do no damage. The troll bites you!
The troll closely misses you. The troll barely misses you.
You slash the troll!
The troll is moderately wounded.
The troll bites you but does no damage. The troll closely misses you.
The troll completely misses you.
You slash the troll!
The troll is severely wounded.
The troll closely misses you. The troll barely misses you.
The troll closely misses you.
You barely miss the troll.
The troll is severely wounded.
The troll completely misses you. The troll claws you but does no damage.
The troll claws you.
You hit the troll but do no damage.
The troll is severely wounded.
The troll bites you but does no damage. The troll barely misses you.
The troll completely misses you.
You barely miss the troll.
The troll is severely wounded.
The troll barely misses you. The troll claws you but does no damage.
The troll barely misses you.
You slash the troll!
The troll is almost dead.
The troll barely misses you. The troll claws you. The troll barely misses you.
You closely miss the troll.
The troll is almost dead.
The troll closely misses you. The troll claws you. x2
You hit the troll.
The troll is almost dead.
The troll bites you. The troll misses you.
The troll claws you but does no damage.
You slash the troll!
You kill the troll!
There is a stone staircase leading up here.
b - a +0 shortbow (weapon)
You climb upwards.
There is a stone staircase leading down here.
You start resting.
HP restored.
You climb downwards.
There is a stone staircase leading up here.
Found a stone staircase leading down.
S - a scroll of identify
As you read the scroll of identify, it crumbles to dust.
r - 2 scrolls of vulnerability You open the large door.
There is a large open door here.
S - a scroll labelled KILUFINYPT
Found a huge runed translucent gate.
The polar bear growls angrily.
You hear an angry growl. x3
The polar bear growls angrily.
The black bear growls angrily.
You hear an angry growl.
The polar bear growls angrily.
The black bear growls angrily. x2; The polar bear growls angrily.
T - a scroll of identify The death yak bellows!
The hound barks!
A centaur comes into view.
You open the door.
A two-headed ogre comes into view. It is wielding two +0 giant clubs.
Found a stone staircase leading up.
A gargoyle comes into view. It is wielding a +0 morningstar.
You hear the crackle of electricity.
d - a +4 dagger of electrocution (weapon)
There is an open door here.
The helpless two-headed ogre fails to defend itself.
You perforate the two-headed ogre like a sieve!!!
You kill the two-headed ogre!
Your +4 dagger of electrocution stops crackling.
a - a +0 scimitar (weapon)
The gargoyle misses you.
Things that are here:
a +0 giant club; a +0 giant club; a two-headed ogre corpse You barely miss the gargoyle.
The gargoyle hits you with a +0 morningstar.
Press: ? - help, v - describe, . - travel
Here: a gargoyle, wielding a +0 morningstar (lava) Some lava.
Unknown command.
You hit the gargoyle but do no damage.
The gargoyle hits you but does no damage.
You barely miss the gargoyle. The gargoyle barely misses you.
You hit the gargoyle but do no damage.
The gargoyle hurls a stone arrow at you.
The stone arrow misses you.
You barely miss the gargoyle. The gargoyle closely misses you.
You barely miss the gargoyle.
The gargoyle hurls a stone arrow at you.
The stone arrow hits you!
You hit the gargoyle but do no damage. The gargoyle closely misses you.
You hit the gargoyle but do no damage. The gargoyle completely misses you.
You closely miss the gargoyle.
The gargoyle hits you with a +0 morningstar.
The gargoyle closely misses you.
You hit the gargoyle but do no damage. The gargoyle barely misses you.
The centaur shouts!
You hit the gargoyle but do no damage.
The centaur wields a +0 shortbow.
The centaur shoots an arrow.
The arrow closely misses you. The gargoyle barely misses you.
The centaur shoots an arrow.
The arrow completely misses you.
The centaur shoots an arrow.
The arrow hits you but does no damage.
The gargoyle hurls a stone arrow at you.
The stone arrow misses you.
The centaur shoots an arrow.
The arrow completely misses you. The gargoyle barely misses you.
There is a stone staircase leading up here.
The centaur shoots an arrow.
The arrow completely misses you.
The centaur shoots an arrow.
The arrow hits you but does no damage.
The gargoyle hits you but does no damage.
You climb upwards.
There is a stone staircase leading down here.
Press: ? - help, v - describe, . - travel
Here: a gargoyle, wielding a +0 morningstar A stone staircase leading up.
Unknown command.
Unknown command.
You hit the gargoyle but do no damage. The gargoyle barely misses you.
You hit the gargoyle.
The gargoyle is lightly damaged.
The gargoyle hurls a stone arrow at you.
The stone arrow hits you!
You hit the gargoyle.
The gargoyle is moderately damaged.
The gargoyle hits you with a +0 morningstar.
You hit the gargoyle.
You punch the gargoyle, but do no damage.
The gargoyle is heavily damaged.
The gargoyle misses you.
You hit the gargoyle but do no damage.
The gargoyle is heavily damaged.
The gargoyle hurls a stone arrow at you.
The stone arrow hits you!
You hit the gargoyle but do no damage.
The gargoyle is heavily damaged.
The gargoyle hits you with a +0 morningstar!
You hit the gargoyle but do no damage.
The gargoyle is heavily damaged.
The gargoyle barely misses you.
You barely miss the gargoyle.
The gargoyle is heavily damaged.
The gargoyle hurls a stone arrow at you.
The stone arrow misses you.
You slash the gargoyle!
You destroy the gargoyle!
There is a stone staircase leading up here.
You see here a +0 morningstar.
There is a stone staircase leading down, spattered with blood here.
You start resting.
HP restored.
You climb downwards.
Level annotation: 4 runed translucent doors The centaur shoots an arrow.
The arrow closely misses you.
The centaur shoots an arrow.
The arrow closely misses you.
There is a stone staircase leading up here.
The centaur shoots an arrow.
The arrow completely misses you.
The centaur shoots an arrow.
The arrow misses you.
Things that are here:
a +0 giant club; a +0 giant club; a two-headed ogre corpse The centaur shoots an arrow.
The arrow hits you.
The centaur shoots an arrow.
The arrow hits you but does no damage.
The centaur unwields a +0 shortbow.
The centaur closely misses you. x2
There is an open door here.
You closely miss the centaur. The centaur completely misses you.
The centaur closely misses you. The centaur completely misses you.
The centaur misses you.
You slash the centaur!
The centaur is moderately wounded.
The centaur closely misses you.
The centaur kicks you but does no damage.
You completely miss the centaur.
The centaur is moderately wounded.
The centaur misses you. The centaur closely misses you. x3
You slash the centaur!
The centaur is almost dead.
The centaur hits you but does no damage.
The centaur barely misses you.
You slash the centaur!
You kill the centaur!
The wyvern hisses menacingly.
B - 6 javelins (gained 2)
You now have 459 gold pieces (gained 6).
Things that are here:
a +0 shortbow; a centaur corpse
b - a +0 shortbow (weapon)
The dream sheep bleats!
You hear a bark!
You hear an angry growl. x2
HP restored.
You open the large door.
There is a large open door here.
You open the door.
There is an open door here.
You see here a troll skeleton.
You open the door.
There is an open door here.
Found a stone staircase leading up.
You open the door.
There is an open door here.
You open the door.
There is an open door here.
An acid dragon comes into view.
You shoot an arrow. The acid dragon roars!
The arrow hits the acid dragon.
The acid dragon is lightly wounded.
You shoot an arrow. The arrow hits the acid dragon!
The acid dragon is heavily wounded.
The acid dragon spits acid at you. The splash of acid misses you.
The acid dragon spits acid at you. The splash of acid hits you!
a - a +0 scimitar (weapon)
The acid dragon spits acid at you. The splash of acid hits you!
The acid corrodes you!
A wyvern comes into view.
Found a scroll labelled ZESSESCHO CUAWU.
The acid dragon spits acid at you. The splash of acid hits you!!
The acid corrodes you!
Found a scroll of poison.
The acid dragon misses you. x2
You hit the acid dragon but do no damage.
The acid dragon is heavily wounded.
The acid dragon bites you but does no damage.
The acid dragon claws you but does no damage.
You slash the acid dragon!
The acid dragon is almost dead.
The wyvern misses you. The acid dragon barely misses you.
The acid dragon closely misses you.
You hit the acid dragon but do no damage.
The acid dragon is almost dead.
The wyvern misses you. The acid dragon completely misses you.
The acid dragon misses you. The wyvern bites you!
* * * LOW HITPOINT WARNING * * *
You slash the acid dragon!
You kill the acid dragon!
The acid dragon scales are intact enough to wear.
The wyvern bites you!
* * * LOW HITPOINT WARNING * * *
The wyvern bites you!
You die...

Skill      XL: |  1  2  3  4  5  6  7  8  9 10 |
---------------+-------------------------------+-----
Fighting       | 1 2 3 4 5 |  5.9
Dodging        | 2 3 4 5 6 7 8 |  8.9
Stealth        | 1 2 3 4 5 6 |  6.4
Long Blades    | 2 3 4 6 7 |  7.5
Evocations     | 1 2 3 4 5 |  5.2
Armour         | 1 2 4 |  4.0
Ranged Weapons | |  1.7
Spellcasting   | |  1.0
Hexes          | |  2.6

Action                     |  1- 3 |  4- 6 |  7- 9 | 10-12 || total
---------------------------+-------+-------+-------+-------++-------
  Melee: Dagger            |    15 |    50 |    10 |    28 ||   103
         Falchion          |       |    48 |   216 |       ||   264
         Punch             |       |     2 |     8 |     2 ||    12
         Scimitar          |       |       |   146 |    75 ||   221
   Fire: Sling             |   118 |    76 |    15 |       ||   209
         Shortbow          |       |       |    90 |    16 ||   106
  Throw: Dart              |       |     4 |    12 |    23 ||    39
         Throwing net      |       |       |       |     2 ||     2
  Evoke: Wand              |       |     3 |       |     6 ||     9
    Use: Scroll            |       |       |     7 |     1 ||     8
         Potion            |       |       |       |     2 ||     2
   Stab: Paralysed         |       |     4 |       |     3 ||     7
         Sleeping          |       |     1 |    10 |     3 ||    14
 Armour: Robe              |     5 |    15 |       |       ||    20
         Leather armour    |       |    14 |   131 |    22 ||   167
  Dodge: Dodged            |    29 |    60 |   293 |   117 ||   499

Levels and vault maps discovered:
D:1:      psy_arrival_terrarium, layout_basic,
          shapermc_ecumenical_altar_acropolis
D:2:      layout_loops_ring, grunt_decor_mini_mirrors, minmay_misc_feat_ornament
D:3:      layout_loops_corners, makhleb_altar_promises_db, st_stairs_12,
          cheibrodos_gnoll_hut
D:4:      layout_loops_ring, trog_book, jmf_multi_god_temple
D:5:      layout_loops_ring, lemuel_doored_altar, kennysheep_mini,
          nicolae_hexahallways, minmay_misc_feat_square
D:6:      layout_basic, minmay_temple_entry_wispy
D:7:      layout_rooms, serial_undead, serial_undead_e, serial_undead_e,
          serial_undead_b, serial_undead_c, serial_shops,
          nicolae_shop_bloodbath_and_beyond
D:8:      layout_basic, nicolae_ashenzari_panopticon
D:9:      layout_rooms, old_standard_altar, mainiacjoe_overflow_alcove_4,
          enter_bailey_7
D:10:     lemuel_bear_cage, layout_irregular_city, lair_entry_dummy,
          minmay_orc_entry_temple_small, kennysheep_small_circle, uniq_snorg

Notes
Turn   | Place    | Note
-------+----------+-------------------------------------------
     0 | D:1      | scionoferis the Demigod Hexslinger began the quest for the
                  | Orb.
     0 | D:1      | Reached XP level 1. HP: 15/15 MP: 4/4
    86 | D:1      | Reached skill level 1 in Fighting
    87 | D:1      | Reached skill level 2 in Dodging
   194 | D:1      | Reached XP level 2. HP: 23/23 MP: 5/5
   616 | D:1      | Reached skill level 1 in Stealth
   958 | D:2      | Reached XP level 3. HP: 28/28 MP: 6/6
  1487 | D:3      | Reached skill level 3 in Dodging
  1912 | D:3      | Reached skill level 2 in Fighting
  1912 | D:3      | Reached XP level 4. HP: 36/36 MP: 8/8
  2205 | D:3      | Reached skill level 2 in Stealth
  2218 | D:3      | Reached XP level 5. HP: 26/42 MP: 9/9
  2517 | D:3      | Noticed a green death
  2521 | D:3      | Noticed a neqoxec
  2521 | D:3      | Noticed a smoke demon
  2553 | D:4      | Reached skill level 4 in Dodging
  2892 | D:4      | Reached XP level 6. HP: 48/50 MP: 10/10
  3012 | D:4      | Reached skill level 1 in Long Blades
  3012 | D:4      | Reached skill level 3 in Stealth
  3012 | D:4      | Reached skill level 1 in Evocations
  3378 | D:5      | Entered Level 5 of the Dungeon
  3396 | D:5      | Reached skill level 3 in Fighting
  3521 | D:5      | Reached skill level 2 in Long Blades
  3590 | D:5      | Reached XP level 7. HP: 38/57 MP: 11/11
  3970 | D:5      | Reached skill level 5 in Dodging
  4179 | D:5      | Reached skill level 1 in Armour
  4292 | D:5      | Reached skill level 2 in Evocations
  4698 | D:5      | Reached skill level 3 in Long Blades
  4789 | D:6      | Found a staircase to the Ecumenical Temple.
  5308 | D:6      | Reached XP level 8. HP: 53/64 MP: 12/12
  5586 | D:7      | Reached skill level 2 in Armour
  5602 | D:7      | Reached skill level 4 in Long Blades
  5602 | D:7      | Reached skill level 6 in Dodging
  5602 | D:7      | Reached skill level 4 in Stealth
  5606 | D:7      | Reached skill level 4 in Fighting
  5672 | D:7      | Reached skill level 3 in Evocations
  5765 | D:7      | Found Baurr's Weapon Shop.
  5773 | D:7      | Bought a +0 scimitar for 44 gold pieces
  6267 | D:7      | Reached XP level 9. HP: 26/72 MP: 13/13
  6466 | D:8      | Noticed a two-headed ogre
  6488 | D:8      | Killed a two-headed ogre
  6489 | D:8      | Reached skill level 5 in Long Blades
  6489 | D:8      | Reached skill level 3 in Armour
  6489 | D:8      | Reached skill level 7 in Dodging
  6959 | D:8      | Reached skill level 5 in Stealth
  7075 | D:8      | Reached skill level 4 in Evocations
  7230 | D:8      | Reached skill level 5 in Fighting
  7602 | D:9      | Reached skill level 6 in Long Blades
  7622 | D:9      | Found a flagged portal.
  7702 | Bailey   | Entered a bailey
  7935 | Bailey   | Found a large runed translucent door.
  7935 | Bailey   | Found a large runed translucent door.
  7935 | Bailey   | Noticed an orc knight
  8000 | Bailey   | Reached skill level 4 in Armour
  8000 | Bailey   | Reached XP level 10. HP: 62/81 MP: 14/14
  8143 | Bailey   | Killed an orc knight
  8144 | Bailey   | Reached skill level 8 in Dodging
  8374 | Bailey   | Noticed a deep elf pyromancer
  8389 | Bailey   | Killed a deep elf pyromancer
  8409 | Bailey   | Identified the +5 robe of Crawling {rC++}
  8649 | D:9      | Reached skill level 6 in Stealth
  8875 | D:9      | Noticed a two-headed ogre
  8901 | D:9      | Killed a two-headed ogre
  8902 | D:9      | Reached skill level 7 in Long Blades
  8902 | D:9      | Reached skill level 5 in Evocations
  9148 | D:10     | Entered Level 10 of the Dungeon
  9326 | D:10     | Found a huge runed translucent gate.
  9326 | D:10     | Noticed a death yak
  9326 | D:10     | Noticed a manticore
  9327 | D:10     | Found a huge runed translucent gate.
  9327 | D:10     | Found a huge runed translucent gate.
  9327 | D:10     | Found a huge runed translucent gate.
  9328 | D:10     | Noticed a manticore
  9344 | D:10     | Noticed a two-headed ogre
  9348 | D:10     | Killed a two-headed ogre
  9609 | D:10     | HP: 4/83 [wyvern (17)]
  9609 | D:10     | Mangled by a wyvern

Vanquished Creatures
  3 two-headed ogres (D:8 D:9 D:10)
  An orc knight (Bailey)
  A deep elf pyromancer (Bailey)
  A gargoyle (D:9)
  An unseen horror zombie (D:7)
  2 hornets (D:9)
  A troll (D:10)
  3 yaks (D:8)
  A wyvern (D:8)
  2 steam dragons (D:9)
  An acid dragon (D:10)
  A water moccasin (D:9)
  11 orc warriors (D:7 D:8 Bailey)
  An ice beast (D:7)
  A sky beast (D:6)
  4 centaurs (D:5 D:7 D:10)
  2 ogres (D:4 D:5)
  A kobold brigand (D:7)
  3 bullfrogs (D:5 D:8)
  A necrophage (D:6)
  A gnoll sergeant (D:8)
  A wyvern zombie (D:7)
  2 scorpions (D:4 D:5)
  4 wights (D:7)
  3 killer bees (D:9)
  4 howler monkeys (D:6 D:8)
  A centaur zombie (D:7)
  5 hounds (D:3 D:4 D:6)
  2 jellies (D:5)
  A gnoll bouda (D:7)
  2 orc priests (D:8)
  4 iguanas (D:4 D:5 D:6)
  3 orc wizards (D:6 D:7 D:8)
  A howler monkey zombie (D:7)
  25 gnolls (D:3 D:4 D:5 D:6 D:7)
  10 adders (D:2 D:3 D:4 D:5)
  A white imp (D:5)
  3 ufetubi (D:5 D:6)
  A worm (D:2)
  34 orcs (D:3 D:4 D:5 D:6 D:7)
  9 ball pythons (D:1 D:2 D:3 D:4)
  5 endoplasms (D:1 D:2 D:3)
  3 giant cockroaches (D:1 D:3 D:4)
  11 goblins (D:1 D:2 D:3 D:4 D:9)
  11 hobgoblins (D:1 D:2 D:3 D:4)
  4 jackals (D:5)
  10 kobolds (D:1 D:2 D:3 D:7)
  3 quokkas (D:1 D:2 D:4)
  6 bats (D:1 D:2)
  3 frilled lizards (D:1 D:3)
  8 rats (D:1 D:2 D:3)
223 creatures vanquished.

Vanquished Creatures (others)
  7 withered plants (D:7)
7 creatures vanquished.

Grand Total: 230 creatures vanquished

Table legend: (Time is in decaauts)
 A = Elapsed time spent in this place.
 B = Non-inter-level travel time spent in this place.
 C = Inter-level travel time spent in this place.
 D = Time resting spent in this place.
 E = Time spent auto-exploring this place.
 F = Levels seen in this place.
 G = Mean time per level.
                   A        B        C        D        E       F      G
               +--------+--------+--------+--------+--------+-----+--------+
         Total |   9690 |   9432 |    258 |   1197 |   5935 |  11 |  880.9 |
       Dungeon |   8880 |   8622 |    258 |    833 |   5873 |  10 |  888.0 |
        Bailey |    810 |    810 |      0 |    364 |     62 |   1 |  810.0 |
               +--------+--------+--------+--------+--------+-----+--------+

Top non-repeatable levels by time:
     D:5: 1277 daAuts
     D:8: 1164 daAuts
     D:3: 1067 daAuts
     D:9: 1034 daAuts
     D:6: 922 daAuts
     D:7: 864 daAuts
     D:4: 843 daAuts
  Bailey: 810 daAuts
     D:2: 808 daAuts
     D:1: 703 daAuts
    D:10: 194 daAuts

Table legend:
 A = Non-vault XP
 B = Vault XP
 C = Vault XP percentage of total XP
 D = Non-vault monster count
 E = Vault monster count
 F = Vault count percentage of total count
                 A         B        C        D         E       F
            +---------+---------+-------+---------+---------+-------
      Total |    7589 |    4765 |  38.6 |     182 |      41 |  18.4
            +---------+---------+-------+---------+---------+-------
        D:1 |      34 |       0 |   0.0 |      21 |       0 |   0.0
        D:2 |      40 |       0 |   0.0 |      17 |       0 |   0.0
        D:3 |      93 |     106 |  53.3 |      25 |       5 |  16.7
        D:4 |     383 |       5 |   1.3 |      19 |       2 |   9.5
        D:5 |     716 |       0 |   0.0 |      28 |       0 |   0.0
        D:6 |     513 |       0 |   0.0 |      17 |       0 |   0.0
        D:7 |     705 |     814 |  53.6 |      17 |       8 |  32.0
        D:8 |    2416 |       0 |   0.0 |      26 |       0 |   0.0
        D:9 |    2106 |     449 |  17.6 |       9 |       5 |  35.7
       D:10 |     583 |     824 |  58.6 |       3 |       1 |  25.0
     Bailey |       0 |    2567 | 100.0 |       0 |      20 | 100.0
            +---------+---------+-------+---------+---------+-------
